 Dungeon Crawl Stone Soup version 0.28.0 (webtiles) character file.

Game seed: 15914947825600268495

129 mcwallace the Skirmisher (level 4, -2/38 HPs)
             Began as a Demonspawn Monk on Feb 18, 2022.
             Slain by Pargi (3 damage)
             ... on level 3 of the Dungeon.
             The game lasted 00:04:52 (3280 turns).

mcwallace the Skirmisher (Demonspawn Monk)          Turns: 3280, Time: 00:04:52

Health: -2/38      AC:  3    Str: 13    XL:     4   Next: 88%
Magic:  4/4        EV: 13    Int: 11    God:
Gold:   140        SH:  0    Dex: 16    Spells: 3/3 levels left

rFire   . . .      SeeInvis .   a - +0 hand axe {axe}
rCold   . . .      Faith    .   (no shield)
rNeg    . . .      Spirit   .   b - +0 robe
rPois   .          Reflect  .   (helmet restricted)
rElec   .          Harm     .   (no cloak)
rCorr   .          Rampage  .   (no gloves)
Will    .....      Clarity  +   (no boots)
Stlth   ++........              (no amulet)
HPRegen 0.12/turn               (no ring)
MPRegen 0.09/turn               (no ring)

@: about to teleport, attractive, hasted, very quick
A: horns 2, rugged brown scales 1, hooves 1, clarity, devolution 1
a: no special abilities


You were on level 3 of the Dungeon.
You visited 1 branch of the dungeon, and saw 3 of its levels.

You collected 140 gold pieces.


Innate Abilities, Weirdness & Mutations

You have a pair of horns on your head.
You are partially covered in rugged brown scales. (AC +1, +3% HP)
You have large cloven feet.
You possess an exceptional clarity of mind.
You have hidden genetic defects.


   Skills:
 + Level 3.8 Fighting
 + Level 3.4 Axes
 + Level 1.9 Armour
 + Level 3.4 Dodging
 - Level 1.7 Stealth


You had 3 spell levels left.
You didn't know any spells.
Your spell library contained the following spells:

 Spells                   Type           Power      Damage    Failure   Level
 Animate Dead             Necr           0%         N/A       98%         4
 Borgnjor's Vile Clutch   Necr/Erth      0%         N/A       100%        5
 Death Channel            Necr           0%         N/A       100%        6

Inventory:

Hand Weapons
 a - a +0 hand axe (weapon) {axe}
Missiles
 f - 108 stones (quivered) {throwing}
 n - 10 arrows
 q - 23 bolts
Armour
 b - a +0 robe (worn)
 m - a +1 hat
   (You found it on level 2 of the Dungeon)
Scrolls
 g - 2 scrolls of fog {unknown}
 h - a scroll of identify {@r1}
 o - a scroll of fear {unknown}
 p - a scroll of immolation {unknown}
Potions
 e - 4 potions of curing {@q1}
 k - a potion of heal wounds {unknown}
 l - a potion of haste {@q3}

Dungeon Overview and Level Annotations

Branches:
Dungeon (3/15)

Altars:
Qazlal
Trog

Annotations:
D:1 1 runed translucent door
D:3 Pargi

#..##..# #.# #....###...
#.###.## #.##########....# #...
#...†.# #.......#.......# #...
###.#########......##....###...
##..≈≈≈≈≈.)#...####....##....
#.≈.....≈.#...# #....##....
#.≈.≈≈≈.≈.########....#.....
#.≈≈...≈≈.#####........<#...
#.≈≈._.≈≈.#@T§..#########...
#.≈≈...≈≈.####### ####
#####.≈[≈≈≈.≈.#....# ######
...#.≈.....≈.#....# #....#
#.#..≈≈≈≈≈..#....########....#
#..#########.................#
#### #.........########....#
#.........# ###### #.........#


You could see Pargi.


Message History

You barely miss Pargi. You headbutt Pargi. Pargi bites you but does no damage.
Pargi claws you.
* * * LOW HITPOINT WARNING * * *
Pargi claws you but does no damage. 😨 HP[-2]
You take 2 damage, and now have 14/38 hp. 😨 HP[+1] Pargi hisses, "I bite!"
There is a stone staircase leading down here. 😨 HP[+1]
You see here a +0 club {mace}. 😨 HP[+1] Pargi looks around nervously. 😨 HP[+1] Pargi bites you but does no damage.
Pargi claws you but does no damage. Pargi claws you.
* * * LOW HITPOINT WARNING * * *
😨 HP[-4]
You take 4 damage, and now have 14/38 hp. 😨 HP[+1]
There is a stone staircase leading down here. 😨 HP[+1] 😨 HP[+1] 😨 HP[+1]
Okay, then.
It was a potion of curing.
You feel better. Pargi barely misses you. Pargi completely misses you.
Pargi closely misses you. 😮 HP[+7]
You regained 7 hp, and now have 25/38 hp.
It was a potion of mutation.
You feel extremely strange.
Your feet thicken and deform.
You feel a hidden malignance growing inside you.
Your thoughts seem clearer.
Pargi bites you!
* * * LOW HITPOINT WARNING * * *
Pargi misses you. Pargi claws you.
* * * LOW HITPOINT WARNING * * *
😨 HP[-9]
You take 9 damage, and now have 16/38 hp.
MASSIVE DAMAGE!! (PAUSE) It was a potion of haste.
You feel yourself speed up.
Pargi looks very sad for a moment.
Pargi bites you.
* * * LOW HITPOINT WARNING * * *
Pargi completely misses you.
Pargi claws you but does no damage. 😨 HP[-4]
You take 4 damage, and now have 12/38 hp.
You hit Pargi. Your kick misses Pargi. Pargi barely misses you.
Pargi closely misses you. Pargi barely misses you.
You closely miss Pargi. You kick Pargi, but do no damage.
Pargi closely misses you. Pargi claws you but does no damage. Pargi claws you.
* * * LOW HITPOINT WARNING * * *
😨 HP[-1]
You take 1 damage, and now have 11/38 hp.
You hit Pargi. You headbutt Pargi. You barely miss Pargi.
Your kick misses Pargi. Your headbutt misses Pargi. Pargi closely misses you.
Pargi claws you.
* * * LOW HITPOINT WARNING * * *
Pargi claws you.
* * * LOW HITPOINT WARNING * * *
😱 HP[-2]
You take 2 damage, and now have 9/38 hp.
You closely miss Pargi. Your headbutt misses Pargi.
Pargi hisses menacingly.
Pargi bites you.
* * * LOW HITPOINT WARNING * * *
Pargi misses you. x2 😱 HP[-1]
You take 1 damage, and now have 8/38 hp.
You closely miss Pargi. You headbutt Pargi!
Pargi hisses menacingly.
Pargi bites you but does no damage. Pargi misses you. Pargi closely misses you.
You closely miss Pargi. Your kick misses Pargi. 😱 HP[+1]
You closely miss Pargi. Your kick misses Pargi. Your headbutt misses Pargi.
Pargi barely misses you. x3
It was a potion of attraction.
You feel attractive to monsters. Pargi bites you.
* * * LOW HITPOINT WARNING * * *
Pargi claws you.
* * * LOW HITPOINT WARNING * * *
Pargi claws you.
* * * LOW HITPOINT WARNING * * *
😱 HP[-6]
You take 6 damage, and now have 3/38 hp.
As you read the scroll labelled FUNLUIHEHI, it crumbles to dust.
It is a scroll of identify.
j - a scroll of teleportation
As you read the scroll of teleportation {@r4}, it crumbles to dust.
You feel strangely unstable. Pargi closely misses you.
Pargi claws you but does no damage. Pargi claws you.
* * * LOW HITPOINT WARNING * * *
😱 HP[-2]
You take 2 damage, and now have 1/38 hp.
Pargi hisses menacingly.
Pargi is attracted toward you.
You hit Pargi but do no damage. You headbutt Pargi. Pargi misses you.
Pargi closely misses you. Pargi claws you.
You die...

Skill      XL: |  1  2 |
---------------+-------+-----
Armour         | 1 |  1.9
Axes           | 3 |  3.4
Dodging        | 3 |  3.4
Fighting       | |  3.8
Stealth        | |  1.7

Action                   |  1- 3 |  4- 6 || total
-------------------------+-------+-------++-------
Melee: Hand axe          |    99 |    71 ||   170
       Headbutt          |     9 |    15 ||    24
       Punch             |     1 |       ||     1
       Kick              |       |     1 ||     1
Throw: Stone             |       |     3 ||     3
       Dart              |       |     2 ||     2
  Use: Potion            |       |     4 ||     4
       Scroll            |       |     2 ||     2
 Stab: Sleeping          |     4 |     1 ||     5
Armor: Robe              |    13 |    29 ||    42
Dodge: Dodged            |    68 |    71 ||   139

Levels and vault maps discovered:
D:1:      dpeg_arrival_caged_fury, layout_loops_ring, serial_bayou,
          serial_bayou_pond_e, serial_bayou_shore_b, serial_bayou_pond_d,
          serial_bayou_lake_a, serial_bayou_pond_c, minmay_misc_feat_tiny
D:2:      layout_rooms, kennysheep_small_spiral, st_stairs_6
D:3:      layout_rooms, mainiacjoe_overflow_paths, mainiacjoe_overflow_24_doors,
          nrook_loot_triangle, uniq_pargi

Notes
Turn   | Place    | Note
-------+----------+-------------------------------------------
     0 | D:1      | mcwallace the Demonspawn Monk began the quest for the Orb.
     0 | D:1      | Reached XP level 1. HP: 18/18 MP: 1/1
     0 | D:1      | magus.rc [v1.9.6]
     1 | D:1      | Found a runed translucent door.
   132 | D:1      | Gained mutation: You have a pair of small horns on your
                  | head. [demonic ancestry]
   132 | D:1      | Reached XP level 2. HP: 12/24 MP: 2/2
   529 | D:1      | Reached skill level 1 in Armour
   666 | D:1      | Reached skill level 3 in Axes
   666 | D:1      | Reached skill level 3 in Dodging
   762 | D:1      | Gained mutation: You have a pair of horns on your head.
                  | [demonic ancestry]
   762 | D:1      | Reached XP level 3. HP: 26/29 MP: 3/3
  1382 | D:2      | You pick up a book of Unlife and begin reading...
  1382 | D:2      | You add the spells Animate Dead, Borgnjor's Vile Clutch and
                  | Death Channel to your library.
  2039 | D:3      | Gained mutation: You are partially covered in rugged brown
                  | scales. (AC +1, +3% HP) [demonic ancestry]
  2039 | D:3      | Reached XP level 4. HP: 19/36 MP: 4/4
  2193 | D:3      | Found a bloodstained altar of Trog.
  2547 | D:3      | Found a stormy altar of Qazlal.
  3188 | D:3      | Noticed Pargi
  3265 | D:3      | Gained mutation: You have large cloven feet. [potion of
                  | mutation]
  3265 | D:3      | Gained mutation: You have hidden genetic defects. [potion
                  | of mutation]
  3265 | D:3      | Gained mutation: You possess an exceptional clarity of
                  | mind. [potion of mutation]
  3270 | D:3      | HP: 9/38 [Pargi (1)]
  3275 | D:3      | HP: 6/38 [Pargi (3)]
  3277 | D:3      | HP: 1/38 [Pargi (2)]
  3280 | D:3      | Slain by Pargi

Vanquished Creatures
  An orc priest (D:3)
  A gnoll (D:2)
  2 adders
  A worm (D:3)
  2 dart slugs (D:3)
  4 orcs
  6 bats
  8 endoplasms
  2 giant cockroaches (D:1)
  5 goblins
  8 hobgoblins
  A quokka (D:1)
  11 ball pythons
  A frilled lizard (D:1)
  2 kobolds
  3 rats
58 creatures vanquished.

Vanquished Creatures (others)
  2 plants (D:1)
2 creatures vanquished.

Grand Total: 60 creatures vanquished

Table legend:
 A = Non-vault XP
 B = Vault XP
 C = Vault XP percentage of total XP
 D = Non-vault monster count
 E = Vault monster count
 F = Vault count percentage of total count
                 A         B        C        D         E       F
            +---------+---------+-------+---------+---------+-------
      Total |     171 |      14 |   7.6 |      57 |       1 |   1.7
            +---------+---------+-------+---------+---------+-------
        D:1 |      43 |       0 |   0.0 |      25 |       0 |   0.0
        D:2 |      38 |      14 |  26.9 |      14 |       1 |   6.7
        D:3 |      90 |       0 |   0.0 |      18 |       0 |   0.0
            +---------+---------+-------+---------+---------+-------

Illustrated notes

Table legend:
 A = Kills in this place as a percentage of kills in entire the game.
 B = Kills by you in this place as a percentage of kills by you in the entire game.
 C = Kills by friends in this place as a percentage of kills by friends in the entire game.
 D = Other kills in this place as a percentage of other kills in the entire game.
 E = Experience gained in this place as a percentage of experience gained in the entire game.
 F = Experience gained in this place divided by the number of levels of this place that you have seen.
                   A       B       C       D       E      F
               +-------+-------+-------+-------+-------+----------------------
         Total | 100.0 | 100.0 |   N/A |   N/A | 100.0 |  61.7
       Dungeon | 100.0 | 100.0 |   N/A |   N/A | 100.0 |  61.7
               +-------+-------+-------+-------+-------+----------------------

Table legend: (Time is in decaauts)
 A = Elapsed time spent in this place.
 B = Non-inter-level travel time spent in this place.
 C = Inter-level travel time spent in this place.
 D = Time resting spent in this place.
 E = Time spent auto-exploring this place.
 F = Levels seen in this place.
 G = Mean time per level.
                   A        B        C        D        E       F      G
               +--------+--------+--------+--------+--------+-----+--------+
         Total |   3347 |   3245 |    102 |    403 |   2270 |   3 | 1115.7 |
       Dungeon |   3347 |   3245 |    102 |    403 |   2270 |   3 | 1115.7 |
               +--------+--------+--------+--------+--------+-----+--------+

Top non-repeatable levels by time:
     D:2: 1220 daAuts
     D:1: 1186 daAuts
     D:3: 940 daAuts
